Map: 블랙번 - 래더

Players

DRG - Winner!

  • Race: Zerg Zerg

MaxPax

  • Race: Protoss Protoss

Event: DreamHack SC2 Masters Last Chance 2022

VOD

Have the link to the VOD?

Description

Time

  • Played on: Dec. 19, 2021, 8:05 p.m.
  • Length: 10:05

All games in this series

Show
View Real Time Build Order
Export as new Build Order

DRG Zerg - Winner!

Build Orders: Hatch First 

Get SALT Encoding   

  12  0:00  Drone  
  13  0:12  Overlord  
  13  0:17  Drone  
  14  0:30  Drone x2  
  14  0:34  Drone  
  17  0:52  Hatchery  
  17  0:55  Drone  
  17  0:58  Drone  
  18  1:10  Extractor  
  17  1:13  Spawning Pool  
  17  1:16  Drone  
  17  1:21  Drone  
  18  1:29  Drone  
  19  1:39  Drone  
  20  1:49  Overlord  
  20  2:01  Queen  
  20  2:04  Drone, Queen  
  20  2:05  Zergling x2  
  26  2:10  Drone  
  26  2:15  Metabolic Boost  
  27  2:16  Drone  
  27  2:21  Drone  
  29  2:31  Drone  
  29  2:32  Drone  
  31  2:42  Hatchery  
  30  2:45  Queen  
  30  2:48  Overlord  
  30  2:51  Drone  
  33  2:53  Drone  
  34  3:00  Drone  
  34  3:07  Drone x2  
  34  3:10  Drone x4  
  40  3:14  Drone x3  
  40  3:18  Zergling x2  
  44  3:26  Overlord  
  44  3:32  Extractor  
  44  3:33  Queen  
  44  3:34  Overlord, Roach Warren  
  44  3:43  Drone  
  44  3:46  Drone  
  44  3:51  Zergling x4  
  44  3:53  Drone x2  
  44  3:55  Drone  
  49  3:57  Drone x3  
  49  4:01  Queen  
  54  4:04  Zergling x2  
  54  4:05  Zergling x2  
  56  4:15  Roach x3  
  61  4:19  Zergling x4  
  63  4:24  Zergling x2  
  63  4:28  Roach  
  63  4:31  Spore Crawler  
  65  4:32  Spore Crawler  
  65  4:33  Zergling x4  
  65  4:37  Overlord  
  66  4:41  Overlord  
  66  4:43  Spore Crawler  
  65  4:49  Spore Crawler  
  65  4:50  Drone  
  65  4:51  Drone, Overlord  
  66  4:56  Drone x3  
  66  4:57  Drone x2  
  70  5:00  Drone x3  
  73  5:09  Drone x3  
  73  5:11  Drone  
  77  5:15  Extractor  
  77  5:16  Drone x2  
  77  5:17  Lair  
  77  5:21  Drone x3  
  81  5:23  Drone  
  81  5:26  Drone  
  81  5:27  Extractor  
  81  5:28  Extractor  
  81  5:29  Extractor  
  81  5:30  Roach  
  81  5:31  Roach x2  
  86  5:36  Drone x2  
  86  5:37  Drone  
  86  5:39  Evolution Chamber  
  86  5:40  Overlord  
  88  5:43  Overlord  
  88  5:45  Drone  
  88  5:48  Overlord  
  89  5:52  Overlord  
  89  5:56  Overlord  
  89  5:59  Drone  
  89  6:01  Drone  
  89  6:04  Roach x8  
  103  6:06  Zerg Missile Weapons Level 1  
  98  6:15  Glial Reconstitution  
  98  6:17  Roach x3  
  98  6:23  Overseer  
  98  6:27  Drone x4  
  98  6:28  Overseer  
  102  6:34  Roach x5  
  112  6:40  Overlord  
  112  6:48  Hatchery  
  112  6:51  Roach  
  113  6:57  Roach  
  113  6:58  Roach x3  
  121  7:04  Roach x4  
  121  7:07  Overlord  
  129  7:09  Ravager  
  129  7:10  Ravager x5  
  129  7:12  Overlord  
  135  7:19  Roach  
  135  7:21  Overlord  
  135  7:22  Ravager  
  138  7:24  Overseer  
  138  7:28  Roach x4  
  146  7:31  Overlord  
  146  7:32  Ravager  
  147  7:39  Ravager x4  
  147  7:40  Zergling x16  
  159  7:55  Roach x5  
  159  8:09  Zergling x8  
  156  8:14  Roach  
  156  8:16  Overseer  
  153  8:23  Roach x3  
  137  8:35  Roach x6  
  137  8:39  Ravager x3  
  137  8:40  Ravager  
  151  8:42  Zergling x8  
  150  8:54  Roach x6  
  145  8:58  Roach  
  145  8:59  Roach  
  145  9:00  Overseer x2  
  122  9:13  Roach x5  
  122  9:21  Roach x3  
  125  9:25  Roach  
  125  9:26  Zergling x12  
  127  9:35  Drone x6  
  131  9:41  Zergling x6  
  132  9:51  Ravager x2  
Show
View Real Time Build Order
Export as new Build Order

MaxPax Protoss 

Build Orders: 1 Gate Expand, Zealot Archon, Dark Templar Rush 

Get SALT Encoding   

  12  0:00  Probe  
  13  0:12  Probe  
  14  0:19  Pylon  
  14  0:24  Probe  
  15  0:37  Probe (Chrono Boost)  
  15  0:41  Gateway  
  16  0:47  Probe (Chrono Boost)  
  17  0:50  Assimilator  
  17  0:53  Probe  
  18  1:05  Probe  
  19  1:17  Probe  
  20  1:29  Nexus  
  20  1:39  Cybernetics Core  
  20  1:41  Probe  
  21  1:48  Assimilator  
  21  1:54  Probe  
  22  1:57  Pylon  
  22  2:06  Probe  
  23  2:12  Adept (Chrono Boost)  
  25  2:17  Warp Gate  
  25  2:18  Probe  
  26  2:24  Twilight Council  
  26  2:30  Probe  
  26  2:32  Stalker (Chrono Boost)  
  29  2:42  Probe  
  29  2:43  Probe  
  31  2:50  Robotics Facility  
  31  2:54  Probe  
  31  2:56  Probe  
  33  3:06  Probe  
  33  3:08  Gateway  
  33  3:09  Probe  
  35  3:18  Probe  
  36  3:21  Probe, Dark Shrine  
  39  3:30  Probe  
  39  3:31  Gateway  
  40  3:36  Probe  
  40  3:39  Warp Prism (Chrono Boost)  
  39  3:44  Probe  
  42  3:48  Probe  
  42  3:52  Assimilator  
  43  3:56  Probe  
  43  4:01  Probe  
  45  4:04  Pylon  
  45  4:08  Probe  
  46  4:22  Probe x2  
  46  4:32  Dark Templar x3  
  46  4:34  Probe x2  
  54  4:39  Shield Battery  
  54  4:41  Assimilator, Pylon  
  53  4:46  Probe  
  54  4:59  Probe x2  
  56  5:11  Observer  
  56  5:12  Adept x2  
  62  5:19  Dark Templar  
  62  5:23  Nexus  
  62  5:24  Blink (Chrono Boost)  
  62  5:25  Pylon  
  62  5:29  Pylon  
  62  5:30  Forge  
  62  5:43  Probe x2  
  62  5:46  Stalker x2  
  62  5:47  Shield Battery  
  68  5:53  Dark Templar  
  68  5:55  Probe x2  
  72  6:06  Protoss Ground Weapons Level 1 (Chrono Boost)  
  72  6:07  Probe x2  
  70  6:17  Sentry x2  
  72  6:19  Probe x2  
  72  6:21  Gateway  
  72  6:22  Gateway  
  72  6:25  Gateway  
  74  6:27  Gateway, Archon  
  74  6:30  Gateway  
  74  6:31  Probe x2  
  74  6:32  Pylon  
  76  6:37  Probe, Sentry  
  79  6:43  Probe x2  
  81  6:49  Probe  
  81  6:50  Stalker, Sentry  
  86  6:55  Pylon  
  86  6:56  Probe x2  
  88  7:02  Photon Cannon  
  88  7:03  Stalker  
  88  7:07  Photon Cannon  
  90  7:10  Assimilator x2  
  90  7:14  Stalker x2, Pylon  
  90  7:15  Probe x3, Pylon  
  97  7:17  Stalker  
  99  7:30  Stalker x2  
  99  7:31  Stalker x2  
  99  7:36  Stalker  
  109  7:40  Stalker x3  
  115  7:44  Probe  
  116  7:51  Probe  
  116  7:57  Probe  
  118  8:01  Stalker x3  
  118  8:07  Pylon  
  118  8:08  Pylon  
  118  8:11  Shield Battery  
  118  8:12  Stalker x4  
  120  8:14  Immortal (Chrono Boost)  
  122  8:21  Stalker  
  122  8:28  Robotics Bay  
  114  8:36  Stalker x3  
  120  8:43  Stalker x2  
  120  8:45  Shield Battery  
  100  8:55  Stalker x3  
  93  9:03  Stalker x2  
  93  9:08  Zealot  
  84  9:14  Disruptor (Chrono Boost)  
  84  9:15  Nexus  
  84  9:21  Zealot x3  
  75  9:37  Stalker x4  
  69  9:56  Stalker x2  
  69  9:58  Zealot x2  

Tags
 
Add a new tag
Caveats
  • Supply blocks, unpowered buildings, or Contaminate may cause inaccurate times.
  • Supply counts are checked every 10 seconds.